 Seeded DCSS version 0.29.1-14-g9c671dbff4 (webtiles) character file.

Game seed: 20230211 (custom seed)

3982 ueste the Summoner (level 10, -2/65 HPs)
             Began as a Merfolk Summoner on Feb 16, 2023.
             Was a Priest of Hepliaklqana.
             Slain by a wyvern (14 damage)
             ... on level 8 of the Dungeon on Feb 17, 2023.
             The game lasted 01:49:26 (11585 turns).

ueste the Summoner (Merfolk Summoner)              Turns: 11585, Time: 01:49:30

Health: -2/65      AC:  8    Str:  9    XL:     10   Next: 22%
Magic:  12/19      EV: 14    Int: 25    God:    Hepliaklqana [***...]
Gold:   547        SH:  0    Dex: 14    Spells: 2/22 levels left

rFire   . . .      SeeInvis .   z - +2 short sword (drain)
rCold   . . .      Faith    .   (no shield)
rNeg    . . .      Spirit   .   S - +3 troll leather armour
rPois   .          Reflect  .   (no helmet)
rElec   .          Harm     .   C - scarf {repulsion}
rCorr   .          Rampage  .   i - +0 pair of gloves
Will    +....                   (no boots)
Stlth   +++.......              (no amulet)
HPRegen 1.00/turn               A - +6 ring of intelligence
MPRegen 0.16/turn               O - ring of willpower

@: very slightly contaminated, repel missiles
A: reduced essence, (nimble swimmer 2), mertail
a: Renounce Religion, Recall Ancestor, Ancestor Identity, Transference


You were on level 8 of the Dungeon.
You worshipped Hepliaklqana.
Hepliaklqana was most pleased with you.
You visited 2 branches of the dungeon, and saw 10 of its levels.
You also visited: Sewer and Ossuary.

You collected 547 gold pieces.

Inventory:

Hand Weapons
 c - a +0 dagger
 f - a +1 dagger of flaming
 m - a +0 sling
 z - a +2 short sword of draining (weapon)
 H - a +0 flail of protection
Missiles
 d - 69 stones
 n - 24 poisoned darts (quivered)
 E - 5 silver javelins
 N - 5 boomerangs
Armour
 a - a +0 robe
 i - a +0 pair of gloves (worn)
 C - a scarf of repulsion (worn)
 L - +0 steam dragon scales
 S - a +3 troll leather armour (worn)
Jewellery
 k - a ring of positive energy
 A - a +6 ring of intelligence (left hand)
 O - a ring of willpower (right hand)
 Q - a ring of fire
Wands
 K - a wand of roots (8)
 P - a wand of quicksilver (6)
Scrolls
 r - a scroll of silence
 s - 4 scrolls of immolation
 t - 6 scrolls of noise {unknown}
 u - a scroll of vulnerability
 v - a scroll of fog
 w - a scroll of magic mapping
 x - 2 scrolls of blinking {unknown}
 y - 4 scrolls of teleportation
 J - a scroll of summoning {unknown}
 M - a scroll of fear {unknown}
 R - 2 scrolls of identify
Potions
 b - 3 potions of magic
 e - 2 potions of berserk rage {unknown}
 g - 3 potions of haste {unknown}
 h - 5 potions of curing
 j - a potion of brilliance
 l - 2 potions of attraction {unknown}
 o - 4 potions of flight {unknown}
 p - 3 potions of resistance {unknown}
 q - 2 potions of degeneration
 B - 3 potions of might
 D - a potion of mutation
 F - 3 potions of lignification {unknown}
 G - a potion of heal wounds
 I - 2 potions of cancellation {unknown}


   Skills:
 + Level 4.9 Fighting
 + Level 5.4 Short Blades
 + Level 3.2 Armour
 + Level 6.9 Dodging
 + Level 6.4 Stealth
 * Level 6.5 Spellcasting
 * Level 8.0 Summonings


You had 2 spell levels left.
You knew the following spells:

 Your Spells              Type           Power      Damage    Failure   Level
a - Summon Small Mammal   Summ           100%       N/A       1%          1
b - Call Imp              Summ           48%        N/A       1%          2
c - Beastly Appendage     Tmut           16%        N/A       10%         1
d - Call Canine Familiar  Summ           48%        N/A       1%          3
e - Summon Guardian Gole  Hex/Summ       28%        N/A       5%          3
f - Blink                 Tloc           16%        N/A       14%         2
g - Summon Lightning Spi  Summ/Air       28%        N/A       19%         4
h - Summon Ice Beast      Ice/Summ       28%        N/A       19%         4

Your spell library contained the following spells:

 Spells                   Type           Power      Damage    Failure   Level
 Slow                     Hex            32%        N/A       10%         1
 Scorch                   Fire           16%        2d5       14%         2
 Wereblood                Tmut           8%         N/A       14%         2
 Confusing Touch          Hex            8%         N/A       28%         3
 Spider Form              Tmut/Pois      8%         N/A       28%         3
 Vampiric Draining        Necr           8%         2d6       28%         3
 Summon Mana Viper        Hex/Summ       28%        N/A       45%         5
 Summon Cactus Giant      Summ           24%        N/A       47%         6
 Flame Wave               Conj/Fire      8%         2d5       67%         4
 Hailstorm                Conj/Ice       8%         3d4       67%         4
 Ice Form                 Ice/Tmut       8%         N/A       67%         4
 Manifold Assault         Tloc           8%         N/A       95%         5
 Monstrous Menagerie      Summ           24%        N/A       96%         7
 Simulacrum               Ice/Necr       4%         N/A       100%        6
 Storm Form               Tmut/Air       4%         N/A       100%        7


Dungeon Overview and Level Annotations

Branches:
Dungeon (9/15)             Temple (1/1) D:4            Lair (0/5) D:9
    Orc (0/2) D:9           Sewer (visited)         Ossuary (visited)

Altars:
Ashenzari
Cheibriados
Dithmenos
Elyvilon
Fedhas
Gozag
Hepliaklqana
Kikubaaqudgha
Makhleb
Nemelex Xobeh
Okawaru
Qazlal
Ru
Sif Muna
Trog
Uskayaw
Vehumet
Wu Jian
Yredelemnul
Zin

Shops:
D:1 [   D:6 :

Annotations:
D:6 Dowan, Duvessa


Innate Abilities, Weirdness & Mutations

Your life essence is reduced to manifest your ancestor. (-10% HP)
((You are very nimble when in or above water. (Stealth+, EV+, Speed+++)))
Your lower body shifts to a powerful aquatic tail in water.


Message History

Ilanqa blocks the wyvern's attack.
Ilanqa completely misses the wyvern.
The wyvern bites Ilanqa!
Ilanqa hits the wyvern with a +0 flail.
The wyvern bites Ilanqa!
As you read the scroll of magic mapping, it crumbles to dust.
You feel aware of your surroundings.
Ilanqa closely misses the wyvern.
The kobold brigand throws a poisoned dart.
The poisoned dart misses you.
The wyvern seems less drained.
Found 2 fizzy ruby potions.
Found three stairs.
Found 3 large rocks.
The wyvern bites you! The wyvern attacks as you move away!
The wyvern closely misses you. The wyvern attacks as you move away!
The wyvern closely misses you. The wyvern bites you.
You see here 2 fizzy ruby potions.
The wyvern bites you but does no damage.
The wyvern bites you!
* * * LOW HITPOINT WARNING * * *
There is a stone staircase leading up here.
The wyvern completely misses you.
You climb upwards.
You hear the roar of battle.
There is an entrance to a bailey on this level.
Hurry and find it before the portal closes forever!
You hear the steady creaking of a very distant portcullis.
Found two stone staircases leading down.
There is a stone staircase leading down here.
Casting: Blink (safe; 14% risk of failure)
Confirm with . or Enter, or press ? or * to list all spells.
The wyvern barely misses you. The wyvern completely misses you.
Casting: Call Canine Familiar (safe; 1% risk of failure)
Confirm with . or Enter, or press ? or * to list all spells.
A beastly little devil appears in a puff of flame.
The wyvern bites you.
* * * LOW HITPOINT WARNING * * *
Casting: Call Imp (safe; 1% risk of failure)
Confirm with . or Enter, or press ? or * to list all spells.
You miscast Blink.
You are very lightly contaminated with residual magic.
Nothing appears to happen.
Your wolf barely misses the wyvern.
The wyvern bites you!
You die...

........#..,...?.#,,,***,,,,,**
...h...##...............,,,,**
...##..##...............,,,,**
........................,,,,,**
..8...8..#..............,,,,,,*
..#...#..#..............,,,,,,*
..#...#..#.....s........,,,,,****
..#...#..#.............>,,,,,**,*
..#...#,,*,#....@h5..>..,,,,,,,,,
..#...#,,*,#.....l.##...,,,,,**,,
..#+++#,,#..#.#....#*<*,,,,,,**,*
,,+,,,+,,#,..,.....#,,,,,,,,,,*,,
,,+,,,+,,#..,......#*,,,,,,,,*,**
,,+8,,+,,#.,.....#..,,,,,,,,,***
*********#,.###..#...,,,,,,,,***
,,,,,,,,,,.#**#.......,,,,,,,,,*
,,,,,,,,,,****,,,**,***,,,,,,,,**


You could see a wyvern (ally target), a scorpion, a friendly wolf (summoned) and
a friendly crimson imp (summoned).

Vanquished Creatures
  Eustachio (D:6)
  A kobold brigand (Sewer)
  A killer bee (D:7)
  2 orc wizards
  2 adders
  5 orcs
  A spectral bat (Ossuary)
  A ball python (D:1)
  An endoplasm (D:3)
  2 giant cockroaches (D:1)
  2 goblins
  A goblin zombie (Ossuary)
  A hobgoblin zombie (Ossuary)
  A kobold simulacrum (Ossuary)
  4 rats
  A spectral rat (Ossuary)
27 creatures vanquished.

Vanquished Creatures (collateral kills)
  Maggie (D:6)
  A troll (D:7)
  Grinder (D:3)
  Sigmund (D:3)
  A wyvern (D:7)
  A steam dragon (D:7)
  A water moccasin (D:7)
  A sky beast (D:7)
  4 ice beasts
  A black bear (D:6)
  2 ogres
  3 phantoms
  2 bullfrogs
  A gnoll sergeant (D:3)
  3 scorpions (D:6)
  7 killer bees (D:7)
  2 hounds (D:6)
  A gnoll bouda (D:5)
  3 orc priests
  3 iguanas
  8 orc wizards
  A mummy (Ossuary)
  8 gnolls
  4 adders
  A river rat (Sewer)
  A shadow imp (D:7)
  A white imp (D:6)
  An ufetubus (D:4)
  3 worms
  26 orcs
  3 spectral bats (Ossuary)
  10 endoplasms
  2 giant cockroaches
  12 gnoll zombies (Ossuary)
  6 goblins
  8 hobgoblins
  8 ball pythons
  5 bats
  5 bat simulacra (Ossuary)
  3 frilled lizards
  3 goblin zombies (Ossuary)
  4 hobgoblin zombies (Ossuary)
  14 kobolds
  4 kobold simulacra (Ossuary)
  4 kobold zombies (Ossuary)
  5 orc zombies (Ossuary)
  2 rats
  A rat simulacrum (Ossuary)
  A spectral goblin (Ossuary)
  5 spectral kobolds (Ossuary)
  4 spectral rats (Ossuary)
203 creatures vanquished.

Vanquished Creatures (others)
  A knight (D:6)
  4 plants (D:2)
5 creatures vanquished.

Grand Total: 235 creatures vanquished

Notes
Turn   | Place    | Note
-------+----------+-------------------------------------------
     0 | D:1      | ueste the Merfolk Summoner began the quest for the Orb.
     0 | D:1      | Reached XP level 1. HP: 13/13 MP: 3/3
    94 | D:1      | Reached XP level 2. HP: 19/19 MP: 3/5
    97 | D:1      | Learned a level 2 spell: Call Imp
   349 | D:1      | Found a faded altar of an unknown god.
   840 | D:1      | Reached XP level 3. HP: 24/24 MP: 1/6
  1231 | D:1      | Found Zoqeb's Antique Armour Boutique.
  1649 | D:4      | Found a staircase to the Ecumenical Temple.
  1655 | Temple   | Entered the Ecumenical Temple
  1655 | Temple   | Found a transporter.
  1655 | Temple   | Found a transporter.
  1657 | Temple   | Found a transporter.
  1657 | Temple   | Found a transporter.
  1670 | Temple   | Became a worshipper of Hepliaklqana the Forgotten
  1776 | D:4      | Found a glowing drain.
  1952 | Sewer    | Entered a sewer
  2045 | Sewer    | Noticed a kobold brigand
  2070 | Sewer    | Killed a kobold brigand
  2071 | Sewer    | Reached skill level 1 in Short Blades
  2071 | Sewer    | Reached XP level 4. HP: 31/31 MP: 1/8
  2071 | Sewer    | Reached XP level 5. HP: 36/36 MP: 1/9
  2073 | Sewer    | Learned a level 1 spell: Beastly Appendage
  2077 | Sewer    | Learned a level 3 spell: Call Canine Familiar
  2583 | Sewer    | Reached skill level 1 in Fighting
  3289 | D:3      | Reached XP level 6. HP: 18/43 MP: 0/10
  3724 | D:4      | Reached skill level 1 in Armour
  3724 | D:4      | Reached skill level 5 in Summonings
  4449 | D:2      | Reached * piety under Hepliaklqana
  5070 | D:2      | Learned a level 3 spell: Summon Guardian Golem
  5608 | D:5      | Entered Level 5 of the Dungeon
  5633 | D:5      | Found a sand-covered staircase.
  5638 | Ossuary  | Entered an ossuary
  5774 | Ossuary  | Reached XP level 7. HP: 44/44 MP: 7/12
  6084 | Ossuary  | Reached ** piety under Hepliaklqana
  6085 | Ossuary  | Remembered your ancestor Ilanqa as a knight
  6565 | D:5      | Found a bloodstained altar of Trog.
  6968 | D:6      | Learned a level 2 spell: Blink
  7202 | D:6      | Noticed Maggie
  7240 | D:6      | Reached XP level 8. HP: 42/51 MP: 8/14
  7388 | D:6      | Found Tinkyis's Book Shop.
  7401 | D:6      | Reached skill level 5 in Dodging
  7407 | D:6      | Reached skill level 6 in Summonings
  7502 | D:6      | Killed Maggie
  7506 | D:6      | Reached skill level 5 in Stealth
  7605 | D:6      | Noticed Eustachio
  7786 | D:6      | Killed Eustachio
  7787 | D:6      | Reached skill level 5 in Spellcasting
  8147 | D:6      | Reached XP level 9. HP: 57/57 MP: 9/16
  8475 | D:6      | Noticed Duvessa
  8475 | D:6      | Noticed Dowan
  8581 | D:7      | Reached *** piety under Hepliaklqana
  8816 | D:7      | Reached skill level 7 in Summonings
  9078 | D:7      | Learned a level 4 spell: Summon Lightning Spire
  9837 | D:6      | Noticed a troll
  9844 | D:7      | Killed a troll
 10447 | D:3      | Noticed Grinder
 10467 | D:3      | Killed Grinder
 10468 | D:3      | Reached skill level 5 in Short Blades
 10572 | D:3      | Reached XP level 10. HP: 65/65 MP: 19/19
 10706 | D:3      | Noticed Sigmund
 10714 | D:3      | Killed Sigmund
 10847 | D:3      | Identified a scroll of acquirement
 10847 | D:3      | Acquired a book of Beasts
 10854 | D:3      | Learned a level 4 spell: Summon Ice Beast
 11372 | D:7      | Reached skill level 8 in Summonings
 11472 | D:8      | You fall into a shaft and drop 1 floor!
 11550 | D:9      | Noticed a kobold demonologist
 11575 | D:9      | Found a staircase to the Orcish Mines.
 11585 | D:8      | Slain by a wyvern

Illustrated notes

Levels and vault maps discovered:
D:1:      reono_arrival_mine, layout_basic, basic_ecumenical_altar,
          serial_shops, nicolae_lakefront_shop, minmay_split_cup_large
D:2:      layout_rooms, serial_bayou_lagoon_a, minmay_tall_x
D:3:      layout_rooms, amethyst_killhole, uniq_grinder, uniq_sigmund
D:4:      layout_cave_pools, temple_doors_e, cheibrodos_sewer_entry_bend
D:5:      layout_basic, general_overflow_altar, enter_ossuary_2
D:6:      layout_basic, serial_shops, shop_coins, minmay_holes,
          minmay_misc_feat_nine_boxes, grunt_decor_resistance, uniq_eustachio,
          uniq_maggie, uniq_duvessa
D:7:      layout_basic
D:8:      layout_cave_pools, mainiacjoe_overflow_divided_tiny, enter_bailey_4,
          serial_shops, nicolae_diamond_shop, guppyfry_early_elven_hall
D:9:      layout_rooms, lair_entry_dummy, special_room [special_room_kobold],
          gammafunk_ghost_nasty_kobolds, onia_ninara_cookie
Temple:   hellmonk_temple_divided_pantheon

Skill      XL: |  1  2  3  4  5  6  7  8  9 10 |
---------------+-------------------------------+-----
Dodging        | 3 4 5 6 |  6.9
Short Blades   | 1 2 4 5 |  5.4
Stealth        | 3 4 5 6 |  6.4
Fighting       | 1 2 3 4 |  4.9
Spellcasting   | 3 4 5 6 |  6.5
Armour         | 1 2 3 |  3.2
Summonings     | 5 6 7 8 |  8.0

Action                   |  1- 3 |  4- 6 |  7- 9 | 10-12 || total
-------------------------+-------+-------+-------+-------++-------
Melee: Dagger            |    38 |     7 |       |       ||    45
       Short sword       |       |    19 |    47 |    14 ||    80
       Punch             |       |     1 |     1 |       ||     2
Throw: Dart              |       |     2 |       |       ||     2
 Cast: Summon Small Mamm |    48 |    54 |    77 |     6 ||   185
       Call Imp          |    20 |    25 |    26 |     6 ||    77
       Call Canine Famil |       |    29 |    33 |     9 ||    71
       Summon Guardian G |       |       |     6 |     2 ||     8
       Blink             |       |       |     1 |     2 ||     3
       Summon Lightning  |       |       |       |     1 ||     1
Invok: Ancestor Identity |       |     1 |       |       ||     1
       Ancestor Life: Kn |       |       |     1 |       ||     1
       Recall Ancestor   |       |       |     2 |     1 ||     3
  Use: Scroll            |     1 |     8 |     4 |     3 ||    16
       Potion            |       |     1 |     3 |     2 ||     6
 Stab: Sleeping          |     3 |     1 |       |     1 ||     5
       Distracted        |       |       |     1 |       ||     1
Armor: Robe              |     4 |     7 |     5 |       ||    16
       Steam dragon scal |       |       |    13 |       ||    13
       Troll leather arm |       |       |       |    20 ||    20
Dodge: Dodged            |    28 |    24 |    88 |    47 ||   187
